Hartford Whalers vs Philadelphia Flyers
Created - Thursday, December 5, 2024 at 07:53
Goals
|
| Hartford Whalers |
1 |
3 |
1 |
5 |
| Philadelphia Flyers |
3 |
1 |
3 |
7 |
|
Shots
|
| Hartford Whalers |
12 |
13 |
10 |
35 |
| Philadelphia Flyers |
11 |
22 |
10 |
43 |
|
1st period
1. Philadelphia Flyers , Jeff Skinner 19 (Sonny Milano 25, Casey Cizikas 33) at 3:47 (PP)
2. Philadelphia Flyers , Sonny Milano 21 (Radek Faksa 22, Cody Glass 31) at 9:03
3. Philadelphia Flyers , Casey Cizikas 17 (Marcus Johansson 17, Connor Ingram) at 12:10
4. Hartford Whalers , Joshua Norris 20 (Tom Wilson 24, Tyler Myers 19) at 14:35
Penalties :
Tyler Myers (HFD) for Tripping (Minor) at 3:16
2nd period
5. Philadelphia Flyers , Jeff Skinner 20 (Casey Cizikas 34, Sonny Milano 26) at 2:43 (PP)
6. Hartford Whalers , Morgan Frost 30 (T.J. Oshie 29) at 10:30
7. Hartford Whalers , Morgan Frost 31 (Miles Wood 17, T.J. Oshie 30) at 11:07
8. Hartford Whalers , Joshua Norris 21 (Tom Wilson 25) at 14:19
Penalties :
Jaden Schwartz (HFD) for Holding (Minor) at 2:23, Miles Wood (HFD) for Tripping (Minor) at 11:45, Tyler Johnson (HFD) for Holding Stick (Minor) at 18:30
3rd period
9. Philadelphia Flyers , Cody Glass 19 (Sonny Milano 27, Radek Faksa 23) at 2:04
10. Hartford Whalers , Samuel Girard 2 (Miles Wood 18) at 3:58 (PP)
11. Philadelphia Flyers , Sean Kuraly 16 (Marcus Johansson 18) at 10:44 (PP)
12. Philadelphia Flyers , Sonny Milano 22 (Jeff Skinner 24, Vladislav Gavrikov 13) at 11:18 (PP)
Penalties :
Cody Glass (PHI) for Hooking (Minor) at 3:05, Samuel Girard (HFD) for Holding (Minor) at 9:55, Charlie McAvoy (HFD) for Cross-checking (Minor) at 11:03, Vladislav Gavrikov (PHI) for Hooking (Minor) at 11:37, Miles Wood (HFD) for Tripping (Minor) at 15:57
Goalie Stats
Spencer Knight (HFD), 36 saves from 43 shots - (0.837), L, 16-19-4, 60:00 minutes
Connor Ingram (PHI), 30 saves from 35 shots - (0.857), W, 38-15-9, 60:00 minutes
Players Stats for Hartford Whalers
Player Name G A P +/- PIM S H SB GA TA FO MP PP MP PK MP
------------------------------------------------------------------------------------
Anthony Cirelli 0 0 0 -3 0 1 0 2 0 0 5/9 20:04 1:40 3:50
Charlie McAvoy 0 0 0 0 2 1 0 1 0 2 0/0 26:44 1:17 3:38
Jaden Schwartz 0 0 0 2 2 0 1 1 0 1 0/1 16:13 1:12 0:00
Josh Anderson 0 0 0 -1 0 0 1 0 0 0 1/2 8:22 0:00 1:35
Joshua Norris 2 0 2 2 0 7 2 0 1 0 2/6 15:00 0:00 0:00
Kaiden Guhle 0 0 0 0 0 0 1 1 0 1 0/0 15:43 0:00 0:36
Matt Duchene 0 0 0 -2 0 7 0 0 1 0 1/2 14:35 0:00 0:00
Miles Wood 0 2 2 2 4 3 2 0 1 0 0/2 16:03 1:12 1:50
Morgan Frost 2 0 2 2 0 4 2 2 0 0 6/10 15:41 0:00 1:23
Nick Suzuki 0 0 0 -2 0 4 0 0 1 1 18/35 25:09 1:40 3:46
Ryan McDonagh 0 0 0 0 0 0 3 1 0 0 0/0 21:24 1:35 4:45
Ryan Suter 0 0 0 1 0 0 0 3 0 2 0/0 12:22 0:00 0:00
Samuel Girard 1 0 1 1 2 3 0 0 0 1 0/0 17:51 1:35 3:23
T.J. Oshie 0 2 2 2 0 3 2 1 0 0 0/0 14:40 1:40 0:00
Tom Wilson 0 2 2 2 0 0 1 0 0 1 0/0 19:27 1:12 3:20
Tomas Tatar 0 0 0 0 0 0 0 0 0 0 0/0 0:00 0:00 0:00
Tyler Johnson 0 0 0 -1 2 2 0 2 0 0 0/0 6:50 0:00 0:00
Tyler Myers 0 1 1 0 2 0 1 2 0 1 0/0 25:53 1:17 3:22
Players Stats for Philadelphia Flyers
Player Name G A P +/- PIM S H SB GA TA FO MP PP MP PK MP
------------------------------------------------------------------------------------
Albert Johansson 0 0 0 0 0 3 0 2 0 0 0/0 15:35 0:00 0:51
Casey Cizikas 1 2 3 -1 0 4 2 0 1 0 9/16 17:32 3:44 1:28
Cody Glass 1 1 2 3 2 5 0 0 2 0 1/3 16:05 4:08 0:00
Daniil Misyul 0 0 0 0 0 0 0 1 0 0 0/0 14:29 0:00 0:00
Jeff Skinner 2 1 3 -1 0 4 2 0 0 1 0/0 16:05 3:44 0:00
Jesper Fast 0 0 0 0 0 3 0 0 1 0 1/3 13:42 0:00 1:24
Lukas Rousek 0 0 0 0 0 2 0 1 0 0 0/0 12:18 0:00 0:00
Marcus Johansson 0 2 2 -1 0 1 0 0 1 0 0/0 16:01 4:08 0:00
Matt Rempe 0 0 0 -3 0 5 2 0 0 0 1/1 12:42 0:00 0:00
Radek Faksa 0 2 2 3 0 3 1 1 0 0 9/20 17:25 4:08 1:19
Ryan Winterton 0 0 0 -3 0 0 0 0 0 3 0/0 12:14 0:00 0:00
Samuel Poulin 0 0 0 -3 0 0 0 1 1 0 4/7 12:20 0:00 0:00
Sean Kuraly 1 0 1 0 0 8 1 0 1 0 8/16 18:34 3:58 1:24
Sonny Milano 2 3 5 3 0 4 0 0 1 0 1/1 16:16 3:44 0:09
Trevor van Riemsdyk 0 0 0 0 0 0 2 1 2 0 0/0 22:21 3:58 1:20
Tyrel Bauer 0 0 0 -1 0 0 0 0 0 0 0/0 22:46 3:54 1:08
Vladislav Gavrikov 0 1 1 -1 2 0 1 1 0 0 0/0 21:54 3:54 0:41
Zac Jones 0 0 0 0 0 1 1 1 0 0 0/0 18:47 0:00 1:44
3 Stars
1 - Sonny Milano (PHI)
2 - Jeff Skinner (PHI)
3 - Morgan Frost (HFD)
Power Play
Hartford Whalers - 1 on 2 Attempt(s) - 50.00%
Philadelphia Flyers - 4 on 7 Attempt(s) - 57.14%
Penalty Kill
Hartford Whalers - 3 on 7 Attempt(s) - 42.86%
- Score 0 goal in Penalty Kill
Philadelphia Flyers - 1 on 2 Attempt(s) - 50.00%
- Score 0 goal in Penalty Kill
Team Stat
Hartford Whalers - Hits : 16 - Faceoff Wins : 33 - Blocked Shots : 16 - Penalty Minutes : 14
Philadelphia Flyers - Hits : 12 - Faceoff Wins : 34 - Blocked Shots : 9 - Penalty Minutes : 4
Official
Referees : Ghislain Hebert and Marc Joannette
Linesman : Kilian McNamara and Ryan Jackson
Game Notes
No Game Note
Finance
Level 1 -- Attendance: 5487 (91.45%) -- Ticket Income $499,317
Level 2 -- Attendance: 4903 (98.06%) -- Ticket Income $254,956
Level 3 -- Attendance: 2727 (90.90%) -- Ticket Income $76,356
Level 4 -- Attendance: 5000 (100.00%) -- Ticket Income $90,000
Luxury Box -- Attendance: 869 (86.90%) -- Ticket Income $165,110
Game was played at the Wells Fargo Center.
Total Attendance: 18986 (94.93%)
Total Ticket Income: $1,085,739
Other Income: $380,009
Total Income: $1,465,748
Hartford Whalers
5 vs 5 Forward
Center Left Wing Right Wing Time % Phy DF OF
1 Nick Suzuki Anthony Cirelli Matt Duchene 30 0 2 3
2 Joshua Norris Jaden Schwartz Tom Wilson 30 0 2 3
3 Morgan Frost Miles Wood T.J. Oshie 25 1 3 1
4 Nick Suzuki Josh Anderson Tyler Johnson 15 0 2 3
5 vs 5 Defense
Defense Defense Time % Phy DF OF
1 Charlie McAvoy Tyler Myers 30 1 2 2
2 Ryan McDonagh Kaiden Guhle 30 1 2 2
3 Ryan Suter Samuel Girard 25 1 2 2
4 Tyler Myers Charlie McAvoy 15 1 2 2
PowerPlay Forward
Center Left Wing Right Wing Time % Phy DF OF
1 Nick Suzuki Anthony Cirelli T.J. Oshie 50 0 1 4
2 Miles Wood Jaden Schwartz Tom Wilson 50 1 1 3
PowerPlay Defense
Defense Defense Time % Phy DF OF
1 Charlie McAvoy Tyler Myers 50 1 2 2
2 Ryan McDonagh Samuel Girard 50 1 2 2
Penalty Kill 4 Players Forward
Center Wing Time % Phy DF OF
1 Nick Suzuki Miles Wood 50 1 2 2
2 Anthony Cirelli Tom Wilson 50 1 2 2
Penalty Kill 4 Players Defense
Defense Defense Time % Phy DF OF
1 Charlie McAvoy Tyler Myers 50 1 2 2
2 Ryan McDonagh Samuel Girard 50 1 2 2
Penalty Kill - 3 Players Forward
Forward Time % Phy DF OF
1 Nick Suzuki 50 0 5 0
2 Miles Wood 50 1 4 0
Penalty Kill - 3 Players Defense
Defense Defense Time % Phy DF OF
1 Charlie McAvoy Tyler Myers 50 1 4 0
2 Ryan McDonagh Samuel Girard 50 1 4 0
4 vs 4 Forward
Center Wing Time % Phy DF OF
1 Nick Suzuki Miles Wood 50 1 2 2
2 Anthony Cirelli Tom Wilson 50 1 2 2
4 vs 4 Defense
Defense Defense Time % Phy DF OF
1 Charlie McAvoy Tyler Myers 50 1 2 2
2 Ryan McDonagh Ryan Suter 50 1 2 2
Last Minutes Offensive
Center Left Wing Right Wing Defense Defense
Nick Suzuki Anthony Cirelli Matt Duchene Charlie McAvoy Tyler Myers
Last Minutes Defensive
Center Left Wing Right Wing Defense Defense
Nick Suzuki Anthony Cirelli Matt Duchene Charlie McAvoy Tyler Myers
Goaltenders
Starting : Spencer Knight
Backup : Anton Forsberg
Extra Forwards
Normal : Morgan Frost, T.J. Oshie, Miles Wood - PP : Morgan Frost, T.J. Oshie - PK : Miles Wood
Extra Defensemen
Normal : Charlie McAvoy, Samuel Girard, Tyler Myers - PP : Tyler Myers - PK : Ryan McDonagh, Tyler Myers
Penalty Shots
Nick Suzuki, Matt Duchene, Anthony Cirelli, Tom Wilson, T.J. Oshie
Scratches
Dante Fabbro (Healthy)
Philadelphia Flyers
5 vs 5 Forward
Center Left Wing Right Wing Time % Phy DF OF
1 Casey Cizikas Jeff Skinner Marcus Johansson 25 0 1 4
2 Radek Faksa Sonny Milano Cody Glass 25 0 1 4
3 Sean Kuraly Lukas Rousek Jesper Fast 25 0 2 3
4 Samuel Poulin Matt Rempe Ryan Winterton 25 0 2 3
5 vs 5 Defense
Defense Defense Time % Phy DF OF
1 Vladislav Gavrikov Trevor van Riemsdyk 35 0 3 2
2 Tyrel Bauer Zac Jones 35 0 3 2
3 Albert Johansson Daniil Misyul 30 0 4 1
4 Vladislav Gavrikov Trevor van Riemsdyk 0 0 3 2
PowerPlay Forward
Center Left Wing Right Wing Time % Phy DF OF
1 Casey Cizikas Jeff Skinner Sonny Milano 50 0 0 5
2 Radek Faksa Marcus Johansson Cody Glass 50 0 0 5
PowerPlay Defense
Defense Defense Time % Phy DF OF
1 Vladislav Gavrikov Tyrel Bauer 50 0 1 4
2 Trevor van Riemsdyk Sean Kuraly 50 0 1 4
Penalty Kill 4 Players Forward
Center Wing Time % Phy DF OF
1 Casey Cizikas Radek Faksa 50 0 5 0
2 Sean Kuraly Jesper Fast 50 0 5 0
Penalty Kill 4 Players Defense
Defense Defense Time % Phy DF OF
1 Vladislav Gavrikov Zac Jones 50 0 5 0
2 Tyrel Bauer Trevor van Riemsdyk 50 0 5 0
Penalty Kill - 3 Players Forward
Forward Time % Phy DF OF
1 Casey Cizikas 50 0 5 0
2 Radek Faksa 50 0 5 0
Penalty Kill - 3 Players Defense
Defense Defense Time % Phy DF OF
1 Vladislav Gavrikov Zac Jones 50 0 5 0
2 Tyrel Bauer Trevor van Riemsdyk 50 0 5 0
4 vs 4 Forward
Center Wing Time % Phy DF OF
1 Casey Cizikas Jeff Skinner 50 0 1 4
2 Radek Faksa Sonny Milano 50 0 1 4
4 vs 4 Defense
Defense Defense Time % Phy DF OF
1 Vladislav Gavrikov Trevor van Riemsdyk 50 0 3 2
2 Tyrel Bauer Zac Jones 50 0 3 2
Last Minutes Offensive
Center Left Wing Right Wing Defense Defense
Casey Cizikas Jeff Skinner Sonny Milano Vladislav Gavrikov Marcus Johansson
Last Minutes Defensive
Center Left Wing Right Wing Defense Defense
Casey Cizikas Sean Kuraly Radek Faksa Vladislav Gavrikov Trevor van Riemsdyk
Goaltenders
Starting : Connor Ingram
Backup : Devin Cooley
Extra Forwards
Normal : Jeff Skinner, Casey Cizikas, Sonny Milano - PP : Jeff Skinner, Casey Cizikas - PK : Sonny Milano
Extra Defensemen
Normal : Tyrel Bauer, Trevor van Riemsdyk, Vladislav Gavrikov - PP : Tyrel Bauer - PK : Trevor van Riemsdyk, Vladislav Gavrikov
Penalty Shots
Jeff Skinner, Sonny Milano, Casey Cizikas, Cody Glass, Jesper Fast
Scratches
Marcel Marcel (Healthy), Joel Edmundson (Sports Hernia Injury)
% Time on Ice - Hartford Whalers
Lines # - Real PCT - Wanted PCT - Time Play
Normal Forward
1 - 30% - 30% - 14:46
2 - 31% - 30% - 15:20
3 - 26% - 25% - 12:34
4 - 13% - 15% - 6:36
Normal Defense
1 - 31% - 30% - 15:03
2 - 32% - 30% - 15:39
3 - 25% - 25% - 12:22
4 - 13% - 15% - 6:12
PP Forward
1 - 58% - 50% - 1:40
2 - 42% - 50% - 1:12
PP Defense
1 - 45% - 50% - 1:17
2 - 55% - 50% - 1:35
PK Forward
1 - 58% - 50% - 4:32
2 - 42% - 50% - 3:20
PK Defense
1 - 49% - 50% - 3:53
2 - 51% - 50% - 3:59
PK3 Forward
1 - 0% - 50%
2 - 0% - 50%
PK3 Defense
1 - 0% - 50%
2 - 0% - 50%
44 Forward
1 - 0% - 50%
2 - 0% - 50%
44 Defense
1 - 0% - 50%
2 - 0% - 50%
Last Minute Offensive - 0:00
Last Minute Defensive - 0:00
Total
Forward - 60:00
Defense - 60:00
|
% Time on Ice - Philadelphia Flyers
Lines # - Real PCT - Wanted PCT - Time Play
Normal Forward
1 - 26% - 25% - 12:39
2 - 25% - 25% - 12:05
3 - 25% - 25% - 12:18
4 - 25% - 25% - 12:14
Normal Defense
1 - 36% - 35% - 17:40
2 - 34% - 35% - 16:44
3 - 29% - 30% - 14:29
4 - 1% - 0% - 0:23
PP Forward
1 - 47% - 50% - 3:44
2 - 53% - 50% - 4:08
PP Defense
1 - 50% - 50% - 3:54
2 - 50% - 50% - 3:58
PK Forward
1 - 51% - 50% - 1:28
2 - 49% - 50% - 1:24
PK Defense
1 - 67% - 50% - 1:56
2 - 33% - 50% - 0:56
PK3 Forward
1 - 0% - 50%
2 - 0% - 50%
PK3 Defense
1 - 0% - 50%
2 - 0% - 50%
44 Forward
1 - 0% - 50%
2 - 0% - 50%
44 Defense
1 - 0% - 50%
2 - 0% - 50%
Last Minute Offensive - 0:00
Last Minute Defensive - 0:00
Total
Forward - 60:00
Defense - 60:00
|
Play-by-Play
1st period
0:01 of 1st period - Nick Suzuki wins face-off versus Casey Cizikas in neutral zone.
0:37 of 1st period - Snap shot by Sonny Milano.
0:37 of 1st period - Stopped by Spencer Knight with a rebound.
1:28 of 1st period - Matt Duchene is hit by Casey Cizikas and loses puck.
2:14 of 1st period - T.J. Oshie is hit by Trevor van Riemsdyk and loses puck.
2:21 of 1st period - Trevor van Riemsdyk is hit by Miles Wood and loses puck.
2:36 of 1st period - Icing by Samuel Girard.
2:37 of 1st period - Samuel Poulin wins face-off versus Morgan Frost in Hartford Whalers zone.
2:50 of 1st period - Wrist shot by T.J. Oshie.
2:50 of 1st period - Deflect By Miles Wood.
2:50 of 1st period - Stopped by Connor Ingram with a rebound.
2:52 of 1st period - Snap shot by Samuel Girard.
2:52 of 1st period - Shot Blocked by Samuel Poulin.
2:54 of 1st period - Wrist shot by Morgan Frost.
2:54 of 1st period - Deflect By T.J. Oshie.
2:54 of 1st period - Shot Misses the Net.
2:54 of 1st period - Puck is out of play.
2:55 of 1st period - Nick Suzuki wins face-off versus Radek Faksa in Philadelphia Flyers zone.
2:56 of 1st period - Slapshot by Matt Duchene.
2:56 of 1st period - Shot Misses the Net.
3:06 of 1st period - Snap shot by Cody Glass.
3:06 of 1st period - Stopped by Spencer Knight with a rebound.
3:08 of 1st period - Wrist shot by Cody Glass.
3:08 of 1st period - Stopped by Spencer Knight with a rebound.
3:10 of 1st period - Slapshot by Radek Faksa.
3:10 of 1st period - Stopped by Spencer Knight with a rebound.
3:16 of 1st period - Minor Penalty to Tyler Myers for Tripping.
3:17 of 1st period - Nick Suzuki wins face-off versus Casey Cizikas in Hartford Whalers zone.
3:47 of 1st period - Wrist shot by Sonny Milano.
3:47 of 1st period - Deflect By Jeff Skinner.
3:47 of 1st period - Goal by Jeff Skinner - Hartford Whalers : 0 - Philadelphia Flyers : 1.
3:48 of 1st period - Joshua Norris wins face-off versus Casey Cizikas in neutral zone.
3:57 of 1st period - Samuel Girard is hit by Jeff Skinner and loses puck.
4:25 of 1st period - Icing by Zac Jones.
4:26 of 1st period - Sean Kuraly wins face-off versus Nick Suzuki in Philadelphia Flyers zone.
4:33 of 1st period - Snap shot by Matt Duchene.
4:33 of 1st period - Stopped by Connor Ingram with a rebound.
4:51 of 1st period - Slapshot by Samuel Poulin.
4:51 of 1st period - Shot Blocked by Ryan McDonagh.
4:53 of 1st period - Backhand shot by Samuel Poulin.
4:53 of 1st period - Deflect By Ryan Winterton.
4:53 of 1st period - Shot Misses the Net.
4:53 of 1st period - Puck is out of play.
4:54 of 1st period - Samuel Poulin wins face-off versus Joshua Norris in Hartford Whalers zone.
6:06 of 1st period - Snap shot by Samuel Poulin.
6:06 of 1st period - Shot Blocked by Ryan Suter.
6:52 of 1st period - Wrist shot by Samuel Poulin.
6:52 of 1st period - Shot Misses the Net.
8:16 of 1st period - Snap shot by Joshua Norris.
8:16 of 1st period - Stopped by Connor Ingram with a rebound.
8:27 of 1st period - Off-side.
8:28 of 1st period - Radek Faksa wins face-off versus Nick Suzuki in neutral zone.
8:37 of 1st period - Snap shot by Cody Glass.
8:37 of 1st period - Stopped by Spencer Knight without a rebound.
8:38 of 1st period - Radek Faksa wins face-off versus Nick Suzuki in Hartford Whalers zone.
9:01 of 1st period - Snap shot by Cody Glass.
9:01 of 1st period - Shot Misses the Net.
9:03 of 1st period - Wrist shot by Radek Faksa.
9:03 of 1st period - Deflect By Sonny Milano.
9:03 of 1st period - Goal by Sonny Milano - Hartford Whalers : 0 - Philadelphia Flyers : 2.
9:04 of 1st period - Casey Cizikas wins face-off versus Morgan Frost in neutral zone.
9:40 of 1st period - Snap shot by Anthony Cirelli.
9:40 of 1st period - Stopped by Connor Ingram with a rebound.
9:42 of 1st period - Snap shot by Nick Suzuki.
9:42 of 1st period - Stopped by Connor Ingram with a rebound.
9:44 of 1st period - Snap shot by Matt Duchene.
9:44 of 1st period - Shot Blocked by Albert Johansson.
9:53 of 1st period - Off-side.
9:54 of 1st period - Radek Faksa wins face-off versus Josh Anderson in neutral zone.
10:30 of 1st period - Off-side.
10:31 of 1st period - Morgan Frost wins face-off versus Jesper Fast in neutral zone.
10:41 of 1st period - Snap shot by Jesper Fast.
10:41 of 1st period - Stopped by Spencer Knight with a rebound.
11:27 of 1st period - Snap shot by Sonny Milano.
11:27 of 1st period - Shot Blocked by Tyler Johnson.
12:10 of 1st period - Snap shot by Casey Cizikas.
12:10 of 1st period - Goal by Casey Cizikas - Hartford Whalers : 0 - Philadelphia Flyers : 3.
12:11 of 1st period - Radek Faksa wins face-off versus Nick Suzuki in neutral zone.
12:41 of 1st period - Slapshot by Sonny Milano.
12:41 of 1st period - Shot Blocked by Tyler Myers.
12:43 of 1st period - Backhand shot by Vladislav Gavrikov.
12:43 of 1st period - Shot Blocked by Jaden Schwartz.
12:45 of 1st period - Snap shot by Vladislav Gavrikov.
12:45 of 1st period - Shot Misses the Net.
12:47 of 1st period - Snap shot by Sonny Milano.
12:47 of 1st period - Stopped by Spencer Knight with a rebound.
13:18 of 1st period - Icing by Tom Wilson.
13:19 of 1st period - Casey Cizikas wins face-off versus Joshua Norris in Hartford Whalers zone.
13:44 of 1st period - Slapshot by Joshua Norris.
13:44 of 1st period - Stopped by Connor Ingram with a rebound.
14:27 of 1st period - Snap shot by Joshua Norris.
14:27 of 1st period - Stopped by Connor Ingram with a rebound.
14:29 of 1st period - Slapshot by Joshua Norris.
14:29 of 1st period - Shot Misses the Net.
14:35 of 1st period - Wrist shot by Joshua Norris.
14:35 of 1st period - Goal by Joshua Norris - Hartford Whalers : 1 - Philadelphia Flyers : 3.
14:36 of 1st period - Nick Suzuki wins face-off versus Sean Kuraly in neutral zone.
14:39 of 1st period - Slapshot by Nick Suzuki.
14:39 of 1st period - Deflect By Matt Duchene.
14:39 of 1st period - Stopped by Connor Ingram with a rebound.
14:41 of 1st period - Backhand shot by Nick Suzuki.
14:41 of 1st period - Stopped by Connor Ingram with a rebound.
14:43 of 1st period - Slapshot by Ryan McDonagh.
14:43 of 1st period - Deflect By Nick Suzuki.
14:43 of 1st period - Shot Blocked by Trevor van Riemsdyk.
14:43 of 1st period - Puck is out of play.
14:44 of 1st period - Sean Kuraly wins face-off versus Anthony Cirelli in Philadelphia Flyers zone.
14:51 of 1st period - Icing by Anthony Cirelli.
14:52 of 1st period - Sean Kuraly wins face-off versus Nick Suzuki in Hartford Whalers zone.
15:21 of 1st period - Snap shot by T.J. Oshie.
15:21 of 1st period - Stopped by Connor Ingram with a rebound.
16:24 of 1st period - Daniil Misyul is hit by Miles Wood and loses puck.
16:47 of 1st period - Snap shot by Matt Duchene.
16:47 of 1st period - Shot Misses the Net.
16:49 of 1st period - Wrist shot by Anthony Cirelli.
16:49 of 1st period - Shot Misses the Net.
18:00 of 1st period - Snap shot by Tyler Johnson.
18:00 of 1st period - Stopped by Connor Ingram without a rebound.
18:01 of 1st period - Joshua Norris wins face-off versus Sean Kuraly in Philadelphia Flyers zone.
18:28 of 1st period - Jeff Skinner is hit by Ryan McDonagh and loses puck.
19:05 of 1st period - Snap shot by Matt Rempe.
19:05 of 1st period - Stopped by Spencer Knight without a rebound.
19:06 of 1st period - Matt Duchene wins face-off versus Sean Kuraly in Hartford Whalers zone.
19:30 of 1st period - Samuel Girard is hit by Jeff Skinner and loses puck.
Goals for this period are 1 for Hartford Whalers vs 3 for Philadelphia Flyers.
Shots for this period are 12 for Hartford Whalers vs 11 for Philadelphia Flyers.
2nd period
0:01 of 2nd period - Cody Glass wins face-off versus Nick Suzuki in neutral zone.
0:16 of 2nd period - Snap shot by Cody Glass.
0:16 of 2nd period - Shot Misses the Net.
0:28 of 2nd period - T.J. Oshie is hit by Zac Jones and loses puck.
0:35 of 2nd period - Snap shot by Sean Kuraly.
0:35 of 2nd period - Stopped by Spencer Knight with a rebound.
0:37 of 2nd period - Snap shot by Zac Jones.
0:37 of 2nd period - Stopped by Spencer Knight with a rebound.
0:39 of 2nd period - Snap shot by Jesper Fast.
0:39 of 2nd period - Shot Blocked by T.J. Oshie.
1:09 of 2nd period - Charlie McAvoy is hit by Matt Rempe and loses puck.
1:35 of 2nd period - Daniil Misyul is hit by Ryan McDonagh and loses puck.
2:04 of 2nd period - Jaden Schwartz is hit by Trevor van Riemsdyk and loses puck.
2:09 of 2nd period - Snap shot by Jeff Skinner.
2:09 of 2nd period - Stopped by Spencer Knight with a rebound.
2:11 of 2nd period - Slapshot by Marcus Johansson.
2:11 of 2nd period - Shot Misses the Net.
2:13 of 2nd period - Snap shot by Tyrel Bauer.
2:13 of 2nd period - Shot Blocked by Ryan Suter.
2:23 of 2nd period - Minor Penalty to Jaden Schwartz for Holding.
2:24 of 2nd period - Nick Suzuki wins face-off versus Radek Faksa in Hartford Whalers zone.
2:35 of 2nd period - Snap shot by Radek Faksa.
2:35 of 2nd period - Stopped by Spencer Knight with a rebound.
2:37 of 2nd period - Wrist shot by Cody Glass.
2:37 of 2nd period - Stopped by Spencer Knight without a rebound.
2:38 of 2nd period - Sonny Milano wins face-off versus Anthony Cirelli in Hartford Whalers zone.
2:41 of 2nd period - Wrist shot by Casey Cizikas.
2:41 of 2nd period - Stopped by Spencer Knight with a rebound.
2:43 of 2nd period - Wrist shot by Jeff Skinner.
2:43 of 2nd period - Goal by Jeff Skinner - Hartford Whalers : 1 - Philadelphia Flyers : 4.
2:44 of 2nd period - Nick Suzuki wins face-off versus Sean Kuraly in neutral zone.
2:53 of 2nd period - Wrist shot by Matt Duchene.
2:53 of 2nd period - Stopped by Connor Ingram without a rebound.
2:54 of 2nd period - Nick Suzuki wins face-off versus Sean Kuraly in Philadelphia Flyers zone.
2:55 of 2nd period - Snap shot by Matt Duchene.
2:55 of 2nd period - Stopped by Connor Ingram without a rebound.
2:56 of 2nd period - Nick Suzuki wins face-off versus Radek Faksa in Philadelphia Flyers zone.
3:21 of 2nd period - Tyrel Bauer is hit by Tyler Myers and loses puck.
3:25 of 2nd period - Icing by Tyrel Bauer.
3:26 of 2nd period - Morgan Frost wins face-off versus Sean Kuraly in Philadelphia Flyers zone.
3:29 of 2nd period - Wrist shot by T.J. Oshie.
3:29 of 2nd period - Shot Blocked by Albert Johansson.
3:31 of 2nd period - Wrist shot by Miles Wood.
3:31 of 2nd period - Deflect By T.J. Oshie.
3:31 of 2nd period - Shot Blocked by Lukas Rousek.
3:31 of 2nd period - Puck is out of play.
3:32 of 2nd period - Radek Faksa wins face-off versus Nick Suzuki in Philadelphia Flyers zone.
3:41 of 2nd period - Slapshot by Cody Glass.
3:41 of 2nd period - Shot Misses the Net.
3:43 of 2nd period - Wrist shot by Radek Faksa.
3:43 of 2nd period - Shot Misses the Net.
3:45 of 2nd period - Snap shot by Sonny Milano.
3:45 of 2nd period - Shot Blocked by Kaiden Guhle.
4:16 of 2nd period - Miles Wood is hit by Casey Cizikas and loses puck.
4:21 of 2nd period - Snap shot by Marcus Johansson.
4:21 of 2nd period - Shot Misses the Net.
4:23 of 2nd period - Slapshot by Albert Johansson.
4:23 of 2nd period - Shot Blocked by Morgan Frost.
4:25 of 2nd period - Slapshot by Marcus Johansson.
4:25 of 2nd period - Stopped by Spencer Knight with a rebound.
4:27 of 2nd period - Slapshot by Albert Johansson.
4:27 of 2nd period - Stopped by Spencer Knight with a rebound.
4:29 of 2nd period - Slapshot by Jeff Skinner.
4:29 of 2nd period - Shot Blocked by Morgan Frost.
4:31 of 2nd period - Wrist shot by Casey Cizikas.
4:31 of 2nd period - Stopped by Spencer Knight with a rebound.
4:33 of 2nd period - Wrist shot by Casey Cizikas.
4:33 of 2nd period - Shot Misses the Net.
4:39 of 2nd period - Wrist shot by Marcus Johansson.
4:39 of 2nd period - Shot Misses the Net.
4:41 of 2nd period - Slapshot by Albert Johansson.
4:41 of 2nd period - Stopped by Spencer Knight without a rebound.
4:42 of 2nd period - Nick Suzuki wins face-off versus Jesper Fast in Hartford Whalers zone.
4:42 of 2nd period - Nick Suzuki is hit by Sean Kuraly.
4:52 of 2nd period - Backhand shot by Matt Duchene.
4:52 of 2nd period - Stopped by Connor Ingram without a rebound.
4:53 of 2nd period - Nick Suzuki wins face-off versus Sean Kuraly in Philadelphia Flyers zone.
4:54 of 2nd period - Snap shot by Matt Duchene.
4:54 of 2nd period - Shot Misses the Net.
4:56 of 2nd period - Wrist shot by Anthony Cirelli.
4:56 of 2nd period - Shot Blocked by Vladislav Gavrikov.
4:58 of 2nd period - Slapshot by Tyler Myers.
4:58 of 2nd period - Deflect By Anthony Cirelli.
4:58 of 2nd period - Shot Misses the Net.
4:58 of 2nd period - Puck is out of play.
4:59 of 2nd period - Sean Kuraly wins face-off versus Nick Suzuki in Philadelphia Flyers zone.
6:30 of 2nd period - Snap shot by Cody Glass.
6:30 of 2nd period - Shot Misses the Net.
7:20 of 2nd period - Albert Johansson is hit by Tom Wilson and loses puck.
7:25 of 2nd period - Snap shot by Joshua Norris.
7:25 of 2nd period - Stopped by Connor Ingram without a rebound.
7:26 of 2nd period - Morgan Frost wins face-off versus Radek Faksa in Philadelphia Flyers zone.
7:29 of 2nd period - Wrist shot by Miles Wood.
7:29 of 2nd period - Stopped by Connor Ingram with a rebound.
8:01 of 2nd period - Slapshot by Joshua Norris.
8:01 of 2nd period - Stopped by Connor Ingram without a rebound.
8:02 of 2nd period - Nick Suzuki wins face-off versus Casey Cizikas in Philadelphia Flyers zone.
8:18 of 2nd period - Off-side.
8:19 of 2nd period - Morgan Frost wins face-off versus Radek Faksa in neutral zone.
8:24 of 2nd period - Snap shot by T.J. Oshie.
8:24 of 2nd period - Stopped by Connor Ingram with a rebound.
8:30 of 2nd period - Slapshot by T.J. Oshie.
8:30 of 2nd period - Shot Misses the Net.
8:32 of 2nd period - Slapshot by Samuel Girard.
8:32 of 2nd period - Stopped by Connor Ingram with a rebound.
8:34 of 2nd period - Slapshot by Samuel Girard.
8:34 of 2nd period - Stopped by Connor Ingram with a rebound.
8:44 of 2nd period - Cody Glass is hit by Josh Anderson and loses puck.
10:24 of 2nd period - Off-side.
10:25 of 2nd period - Morgan Frost wins face-off versus Samuel Poulin in neutral zone.
10:28 of 2nd period - Wrist shot by T.J. Oshie.
10:28 of 2nd period - Shot Misses the Net.
10:30 of 2nd period - Snap shot by Morgan Frost.
10:30 of 2nd period - Goal by Morgan Frost - Hartford Whalers : 2 - Philadelphia Flyers : 4.
10:31 of 2nd period - Nick Suzuki wins face-off versus Casey Cizikas in neutral zone.
11:07 of 2nd period - Snap shot by Morgan Frost.
11:07 of 2nd period - Goal by Morgan Frost - Hartford Whalers : 3 - Philadelphia Flyers : 4.
11:08 of 2nd period - Sean Kuraly wins face-off versus Nick Suzuki in neutral zone.
11:33 of 2nd period - Sonny Milano is hit by T.J. Oshie.
11:43 of 2nd period - Snap shot by Sonny Milano.
11:43 of 2nd period - Shot Misses the Net.
11:45 of 2nd period - Minor Penalty to Miles Wood for Tripping.
11:46 of 2nd period - Anthony Cirelli wins face-off versus Cody Glass in Hartford Whalers zone.
13:45 of 2nd period - Penalty to Miles Wood is over, Miles Wood is back on ice.
14:19 of 2nd period - Snap shot by Joshua Norris.
14:19 of 2nd period - Goal by Joshua Norris - Hartford Whalers : 4 - Philadelphia Flyers : 4.
14:20 of 2nd period - Jesper Fast wins face-off versus Nick Suzuki in neutral zone.
14:25 of 2nd period - Snap shot by Sean Kuraly.
14:25 of 2nd period - Stopped by Spencer Knight with a rebound.
14:27 of 2nd period - Slapshot by Jesper Fast.
14:27 of 2nd period - Stopped by Spencer Knight with a rebound.
14:29 of 2nd period - Wrist shot by Sean Kuraly.
14:29 of 2nd period - Stopped by Spencer Knight without a rebound.
14:30 of 2nd period - Sean Kuraly wins face-off versus Matt Duchene in Hartford Whalers zone.
14:31 of 2nd period - Wrist shot by Jesper Fast.
14:31 of 2nd period - Stopped by Spencer Knight with a rebound.
15:09 of 2nd period - Wrist shot by Nick Suzuki.
15:09 of 2nd period - Shot Blocked by Daniil Misyul.
16:09 of 2nd period - Slapshot by Sean Kuraly.
16:09 of 2nd period - Stopped by Spencer Knight with a rebound.
16:11 of 2nd period - Slapshot by Albert Johansson.
16:11 of 2nd period - Stopped by Spencer Knight with a rebound.
16:13 of 2nd period - Snap shot by Jesper Fast.
16:13 of 2nd period - Shot Misses the Net.
16:15 of 2nd period - Slapshot by Sean Kuraly.
16:15 of 2nd period - Stopped by Spencer Knight with a rebound.
16:27 of 2nd period - Snap shot by Sean Kuraly.
16:27 of 2nd period - Stopped by Spencer Knight with a rebound.
16:29 of 2nd period - Slapshot by Sean Kuraly.
16:29 of 2nd period - Stopped by Spencer Knight with a rebound.
16:31 of 2nd period - Snap shot by Lukas Rousek.
16:31 of 2nd period - Deflect By Charlie McAvoy.
16:31 of 2nd period - Stopped by Spencer Knight with a rebound.
16:33 of 2nd period - Backhand shot by Lukas Rousek.
16:33 of 2nd period - Shot Misses the Net.
16:35 of 2nd period - Wrist shot by Sean Kuraly.
16:35 of 2nd period - Shot Blocked by Charlie McAvoy.
16:37 of 2nd period - Wrist shot by Lukas Rousek.
16:37 of 2nd period - Stopped by Spencer Knight without a rebound.
16:38 of 2nd period - Morgan Frost wins face-off versus Casey Cizikas in Hartford Whalers zone.
16:49 of 2nd period - Wrist shot by Miles Wood.
16:49 of 2nd period - Stopped by Connor Ingram with a rebound.
17:03 of 2nd period - Tom Wilson is hit by Radek Faksa and loses puck.
17:11 of 2nd period - Icing by Kaiden Guhle.
17:12 of 2nd period - Samuel Poulin wins face-off versus Joshua Norris in Hartford Whalers zone.
17:39 of 2nd period - Trevor van Riemsdyk is hit by Morgan Frost and loses puck.
17:58 of 2nd period - Radek Faksa is hit by Kaiden Guhle and loses puck.
18:11 of 2nd period - Tyrel Bauer is hit by T.J. Oshie and loses puck.
18:30 of 2nd period - Minor Penalty to Tyler Johnson for Holding Stick.
18:31 of 2nd period - Anthony Cirelli wins face-off versus Radek Faksa in Hartford Whalers zone.
18:42 of 2nd period - Charlie McAvoy is hit by Vladislav Gavrikov and loses puck.
19:23 of 2nd period - Marcus Johansson is hit by Ryan McDonagh and loses puck.
Goals for this period are 3 for Hartford Whalers vs 1 for Philadelphia Flyers.
Shots for this period are 13 for Hartford Whalers vs 22 for Philadelphia Flyers.
3rd period
0:01 of 3rd period - Radek Faksa wins face-off versus Anthony Cirelli in neutral zone.
0:30 of 3rd period - Penalty to Tyler Johnson is over, Tyler Johnson is back on ice.
0:36 of 3rd period - Snap shot by Jeff Skinner.
0:36 of 3rd period - Stopped by Spencer Knight with a rebound.
0:38 of 3rd period - Slapshot by Sean Kuraly.
0:38 of 3rd period - Shot Blocked by Tyler Johnson.
0:54 of 3rd period - Snap shot by Morgan Frost.
0:54 of 3rd period - Stopped by Connor Ingram with a rebound.
0:56 of 3rd period - Snap shot by Morgan Frost.
0:56 of 3rd period - Stopped by Connor Ingram without a rebound.
0:57 of 3rd period - Nick Suzuki wins face-off versus Radek Faksa in Philadelphia Flyers zone.
1:02 of 3rd period - Snap shot by Nick Suzuki.
1:02 of 3rd period - Shot Blocked by Zac Jones.
1:52 of 3rd period - Snap shot by Matt Rempe.
1:52 of 3rd period - Stopped by Spencer Knight without a rebound.
1:53 of 3rd period - Radek Faksa wins face-off versus Nick Suzuki in Hartford Whalers zone.
2:02 of 3rd period - Wrist shot by Sonny Milano.
2:02 of 3rd period - Shot Blocked by Anthony Cirelli.
2:04 of 3rd period - Wrist shot by Cody Glass.
2:04 of 3rd period - Goal by Cody Glass - Hartford Whalers : 4 - Philadelphia Flyers : 5.
2:05 of 3rd period - Samuel Poulin wins face-off versus Nick Suzuki in neutral zone.
2:43 of 3rd period - Off-side.
2:44 of 3rd period - Nick Suzuki wins face-off versus Cody Glass in neutral zone.
2:57 of 3rd period - Wrist shot by Nick Suzuki.
2:57 of 3rd period - Deflect By Tyler Johnson.
2:57 of 3rd period - Stopped by Connor Ingram with a rebound.
2:59 of 3rd period - Slapshot by Tyler Myers.
2:59 of 3rd period - Shot Blocked by Radek Faksa.
3:05 of 3rd period - Minor Penalty to Cody Glass for Hooking.
3:06 of 3rd period - Casey Cizikas wins face-off versus Nick Suzuki in Philadelphia Flyers zone.
3:12 of 3rd period - Icing by Tyler Myers.
3:13 of 3rd period - Anthony Cirelli wins face-off versus Sean Kuraly in Hartford Whalers zone.
3:46 of 3rd period - Wrist shot by T.J. Oshie.
3:46 of 3rd period - Stopped by Connor Ingram without a rebound.
3:47 of 3rd period - Sean Kuraly wins face-off versus Miles Wood in Philadelphia Flyers zone.
3:58 of 3rd period - Slapshot by Samuel Girard.
3:58 of 3rd period - Goal by Samuel Girard - Hartford Whalers : 5 - Philadelphia Flyers : 5.
3:59 of 3rd period - Nick Suzuki wins face-off versus Samuel Poulin in neutral zone.
4:26 of 3rd period - Samuel Poulin is hit by Morgan Frost and loses puck.
4:31 of 3rd period - Snap shot by Miles Wood.
4:31 of 3rd period - Shot Misses the Net.
4:35 of 3rd period - Wrist shot by Miles Wood.
4:35 of 3rd period - Shot Misses the Net.
4:37 of 3rd period - Slapshot by Charlie McAvoy.
4:37 of 3rd period - Stopped by Connor Ingram without a rebound.
4:38 of 3rd period - Casey Cizikas wins face-off versus Nick Suzuki in Philadelphia Flyers zone.
4:45 of 3rd period - Snap shot by Marcus Johansson.
4:45 of 3rd period - Shot Misses the Net.
4:51 of 3rd period - Backhand shot by Matt Duchene.
4:51 of 3rd period - Stopped by Connor Ingram with a rebound.
4:53 of 3rd period - Wrist shot by Nick Suzuki.
4:53 of 3rd period - Shot Misses the Net.
4:55 of 3rd period - Wrist shot by Anthony Cirelli.
4:55 of 3rd period - Deflect By Nick Suzuki.
4:55 of 3rd period - Stopped by Connor Ingram with a rebound.
5:02 of 3rd period - Icing by Zac Jones.
5:03 of 3rd period - Radek Faksa wins face-off versus Jaden Schwartz in Philadelphia Flyers zone.
5:12 of 3rd period - Slapshot by Radek Faksa.
5:12 of 3rd period - Stopped by Spencer Knight without a rebound.
5:13 of 3rd period - Nick Suzuki wins face-off versus Radek Faksa in Hartford Whalers zone.
6:19 of 3rd period - Snap shot by Sean Kuraly.
6:19 of 3rd period - Shot Blocked by Ryan Suter.
6:35 of 3rd period - Sonny Milano is hit by Joshua Norris and loses puck.
7:51 of 3rd period - Slapshot by Charlie McAvoy.
7:51 of 3rd period - Shot Misses the Net.
9:55 of 3rd period - Minor Penalty to Samuel Girard for Holding.
9:56 of 3rd period - Casey Cizikas wins face-off versus Anthony Cirelli in Hartford Whalers zone.
10:28 of 3rd period - Snap shot by Marcus Johansson.
10:28 of 3rd period - Shot Misses the Net.
10:44 of 3rd period - Slapshot by Sean Kuraly.
10:44 of 3rd period - Goal by Sean Kuraly - Hartford Whalers : 5 - Philadelphia Flyers : 6.
10:45 of 3rd period - Nick Suzuki wins face-off versus Radek Faksa in neutral zone.
10:52 of 3rd period - Snap shot by Nick Suzuki.
10:52 of 3rd period - Stopped by Connor Ingram without a rebound.
10:53 of 3rd period - Radek Faksa wins face-off versus Nick Suzuki in Philadelphia Flyers zone.
11:03 of 3rd period - Minor Penalty to Charlie McAvoy for Cross-checking.
11:04 of 3rd period - Anthony Cirelli wins face-off versus Casey Cizikas in Hartford Whalers zone.
11:18 of 3rd period - Snap shot by Sonny Milano.
11:18 of 3rd period - Goal by Sonny Milano - Hartford Whalers : 5 - Philadelphia Flyers : 7.
11:19 of 3rd period - Casey Cizikas wins face-off versus Nick Suzuki in neutral zone.
11:32 of 3rd period - Snap shot by Matt Duchene.
11:32 of 3rd period - Stopped by Connor Ingram without a rebound.
11:33 of 3rd period - Nick Suzuki wins face-off versus Radek Faksa in Philadelphia Flyers zone.
11:37 of 3rd period - Minor Penalty to Vladislav Gavrikov for Hooking.
11:38 of 3rd period - Casey Cizikas wins face-off versus Miles Wood in Philadelphia Flyers zone.
13:34 of 3rd period - Tyrel Bauer is hit by Jaden Schwartz and loses puck.
13:37 of 3rd period - Penalty to Vladislav Gavrikov is over, Vladislav Gavrikov is back on ice.
13:49 of 3rd period - Wrist shot by Matt Rempe.
13:49 of 3rd period - Stopped by Spencer Knight with a rebound.
13:51 of 3rd period - Snap shot by Matt Rempe.
13:51 of 3rd period - Stopped by Spencer Knight without a rebound.
13:52 of 3rd period - Josh Anderson wins face-off versus Samuel Poulin in Hartford Whalers zone.
13:52 of 3rd period - Josh Anderson is hit by Matt Rempe.
14:47 of 3rd period - Off-side.
14:48 of 3rd period - Matt Rempe wins face-off versus Morgan Frost in neutral zone.
14:55 of 3rd period - Snap shot by Matt Rempe.
14:55 of 3rd period - Stopped by Spencer Knight without a rebound.
14:56 of 3rd period - Casey Cizikas wins face-off versus Joshua Norris in Hartford Whalers zone.
15:29 of 3rd period - Off-side.
15:30 of 3rd period - Sean Kuraly wins face-off versus Morgan Frost in neutral zone.
15:34 of 3rd period - Wrist shot by Vladislav Gavrikov.
15:34 of 3rd period - Shot Misses the Net.
15:36 of 3rd period - Slapshot by Vladislav Gavrikov.
15:36 of 3rd period - Shot Misses the Net.
15:40 of 3rd period - Snap shot by Lukas Rousek.
15:40 of 3rd period - Shot Misses the Net.
15:42 of 3rd period - Snap shot by Lukas Rousek.
15:42 of 3rd period - Shot Misses the Net.
15:44 of 3rd period - Snap shot by Trevor van Riemsdyk.
15:44 of 3rd period - Shot Blocked by Tyler Myers.
15:57 of 3rd period - Minor Penalty to Miles Wood for Tripping.
15:58 of 3rd period - Anthony Cirelli wins face-off versus Radek Faksa in Hartford Whalers zone.
16:06 of 3rd period - Wrist shot by Vladislav Gavrikov.
16:06 of 3rd period - Shot Blocked by Anthony Cirelli.
16:08 of 3rd period - Slapshot by Vladislav Gavrikov.
16:08 of 3rd period - Deflect By Cody Glass.
16:08 of 3rd period - Shot Hit the Post.
16:08 of 3rd period - Puck is out of play.
16:09 of 3rd period - Casey Cizikas wins face-off versus Nick Suzuki in Hartford Whalers zone.
16:14 of 3rd period - Snap shot by Jeff Skinner.
16:14 of 3rd period - Shot Misses the Net.
16:16 of 3rd period - Snap shot by Sonny Milano.
16:16 of 3rd period - Shot Misses the Net.
16:18 of 3rd period - Snap shot by Casey Cizikas.
16:18 of 3rd period - Stopped by Spencer Knight with a rebound.
17:57 of 3rd period - Penalty to Miles Wood is over, Miles Wood is back on ice.
18:04 of 3rd period - Vladislav Gavrikov is hit by Joshua Norris and loses puck.
Goals for this period are 1 for Hartford Whalers vs 3 for Philadelphia Flyers.
Shots for this period are 10 for Hartford Whalers vs 10 for Philadelphia Flyers.
Back to the Top